 Dungeon Crawl Stone Soup version 0.23-a0-419-g0174fd80c1 (webtiles) character file.

1044 Napalmbreeze the Ruffian (level 8, -3/67 (68) HPs)
             Began as a Ghoul Gladiator on Nov 14, 2018.
             Was an Initiate of Makhleb.
             Splashed by a jelly's acid (9 damage)
             ... on level 5 of the Dungeon.
             The game lasted 00:08:52 (4843 turns).

Napalmbreeze the Ruffian (Ghoul Gladiator)          Turns: 4843, Time: 00:08:53

HP:   -3/67 (68)    AC: -8    Str: 22    XL:     8   Next: 25%
MP:   9/9           EV: 13    Int:  3    God:    Makhleb [......]
Gold: 259           SH:  0    Dex: 10    Spells: 7/7 levels left

rFire    . . .     SeeInvis .     - Unarmed
rCold    + . .     Gourm    .   (no shield)
rNeg     + + +     Faith    .   a - +0 leather armour
rPois    ∞         Spirit   .   b - +0 helmet
rElec    .         Reflect  .   (no cloak)
rCorr    .         Harm     .   (no gloves)
MR       .....                  (no boots)
Stlth    +.........             s - amulet of magic regeneration
HPRegen  0.00/turn              i - +2 ring of strength
MPRegen  0.36/turn              (no ring)

@: corroded, rotting
A: rotting body, claws 1, carnivore, cold resistance 1, negative energy
resistance 3, inhibited regeneration, torment resistance, unbreathing
a: Renounce Religion


You were on level 5 of the Dungeon.
You worshipped Makhleb.
Makhleb was noncommittal.
You were not hungry.

You visited 2 branches of the dungeon, and saw 6 of its levels.

You collected 259 gold pieces.

Inventory:

Missiles
 c - 3 throwing nets (quivered)
Armour
 a - a +0 leather armour (worn)
 b - a +0 helmet (worn)
Jewellery
 i - a +2 ring of strength (left claw)
 s - an amulet of magic regeneration (around neck)
Scrolls
 f - 2 scrolls of fog {unknown}
 g - a scroll of enchant weapon {unknown}
 k - 2 scrolls of remove curse {unknown}
 l - 3 scrolls of teleportation {unknown}
 q - 2 scrolls of amnesia {unknown}
 u - 2 scrolls of magic mapping {unknown}
 v - 3 scrolls of identify {unknown}
 w - 2 scrolls of enchant armour {unknown}
 y - a scroll of random uselessness {unknown}
Potions
 e - 4 potions of heal wounds {unknown}
 h - 2 potions of agility {unknown}
 j - 2 potions of flight {unknown}
 m - a potion of degeneration {unknown}
 n - a potion of haste {unknown}
 o - a potion of lignification {unknown}
 p - a potion of might {unknown}
 r - a potion of mutation {unknown}
 t - a potion of brilliance {unknown}
 x - 2 potions of curing {unknown}
Comestibles
 d - 7 rations


   Skills:
 + Level 5.3 Fighting
 - Level 1.7 Throwing
 + Level 4.8 Dodging
 + Level 7.2 Unarmed Combat
 * Level 3.7 Invocations


You had 7 spell levels left.
You didn't know any spells.
Your spell library was empty.

Dungeon Overview and Level Annotations

Branches:
Dungeon (5/15)             Temple (1/1) D:4

Altars:
Ashenzari
Elyvilon
Fedhas
Gozag
Hepliaklqana
Makhleb
Nemelex Xobeh
Okawaru
Qazlal
Ru
Sif Muna
Trog
Vehumet
Wu Jian
Xom
Yredelemnul
Zin
The Shining One

Shops:
D:4 :


Innate Abilities, Weirdness & Mutations

Your body is rotting away.
You thrive on raw meat.
You are immune to poison.
You have sharp fingernails.
You are carnivorous and can eat meat at any time.
Your flesh is cold resistant. (rC+)
You are immune to negative energy. (rN+++)
You do not regenerate when monsters are visible.
You are immune to unholy pain and torment.
You can survive without breathing.


Message History

The jelly hits you.
You are splashed with acid!
The acid burns!
You scratch the jelly.
Your claws burn!
The jelly is heavily wounded.
The jelly hits you. The acid corrodes you!
You are splashed with acid!
The acid burns!
* * * LOW HITPOINT WARNING * * *
You barely miss the jelly. You claw the jelly, but do no damage.
The jelly is heavily wounded.
The jelly hits you.
* * * LOW HITPOINT WARNING * * *
The acid corrodes you!
You are splashed with acid!
The acid burns!
* * * LOW HITPOINT WARNING * * *
You scratch the jelly.
Your claws burn!
* * * LOW HITPOINT WARNING * * *
The jelly is heavily wounded.
There is a stone staircase leading up here.
The jelly hits you.
* * * LOW HITPOINT WARNING * * *
You are splashed with acid!
The acid burns!
You die...

..... ......
.... ...#
#..## #..##
#..###
#..J.###
##..@..###
#<.#....###
#..#......#
#..#.........
##.##........
#..#........
#..#........
##.##.......
#.##.......


You could see a jelly.

Vanquished Creatures
  Sigmund (D:5)
  A phantom (D:4)
  A sky beast (D:4)
  3 ogres
  A necrophage (D:3)
  2 orc priests
  A centaur skeleton (D:5)
  2 worker ants (D:4)
  2 hound skeletons (D:4)
  10 adders
  A shadow imp (D:5)
  An ooze (D:3)
  4 worms
  A dart slug (D:3)
  4 leopard geckos
  13 orcs
  5 bats
  5 giant cockroaches
  7 goblins
  8 hobgoblins
  3 jackals (D:1)
  3 quokkas
  3 ball pythons
  7 frilled lizards
  A jackal skeleton (D:4)
  5 kobolds
  A quokka skeleton (D:4)
  5 rats
101 creatures vanquished.

Notes
Turn   | Place    | Note
-------+----------+-------------------------------------------
     0 | D:1      | Napalmbreeze the Ghoul Gladiator began the quest for the
                  | Orb.
     0 | D:1      | Reached XP level 1. HP: 17/17 MP: 0/0
   119 | D:1      | Reached XP level 2. HP: 21/25 MP: 1/1
   344 | D:1      | Reached XP level 3. HP: 30/30 MP: 2/2
   399 | D:1      | Reached skill level 4 in Unarmed Combat
   894 | D:2      | Reached XP level 4. HP: 31/38 MP: 3/3
  1873 | D:3      | Found a bloodstained altar of Trog.
  2035 | D:3      | Reached XP level 5. HP: 44/45 MP: 4/4
  2201 | D:3      | Reached skill level 5 in Unarmed Combat
  2281 | D:3      | Noticed a necrophage
  2298 | D:3      | Killed a necrophage
  2626 | D:4      | Found Reromaiwk's Book Emporium.
  2662 | D:5      | Entered Level 5 of the Dungeon
  2677 | D:5      | HP: 2/45 [orc priest/+0 hand axe (3)]
  2678 | D:5      | Reached XP level 6. HP: 2/51 MP: 5/5
  3167 | D:4      | Reached skill level 6 in Unarmed Combat
  3395 | D:4      | Noticed a sky beast
  3413 | D:4      | Killed a sky beast
  3413 | D:4      | Reached XP level 7. HP: 36/60 MP: 6/6
  3641 | D:4      | Found a staircase to the Ecumenical Temple.
  3648 | Temple   | Entered the Ecumenical Temple
  3710 | Temple   | Became a worshipper of Makhleb the Destroyer
  3948 | D:4      | Reached skill level 1 in Invocations
  4717 | D:5      | Noticed Sigmund
  4734 | D:5      | Killed Sigmund
  4734 | D:5      | Reached skill level 5 in Fighting
  4734 | D:5      | Reached skill level 7 in Unarmed Combat
  4734 | D:5      | Reached XP level 8. HP: 55/67 MP: 7/9
  4843 | D:5      | Splashed by a jelly's acid

Vault maps used:
D:1:      tarquinn_simple_flora_water_d
D:3:      trog_butcher_becter
D:4:      minmay_temple_entry_nine_rooms, first_ration, serial_shops,
          shop_statue, serial_forest, infiniplex_forest_lined_room_,
          infiniplex_forest_corner_2, infiniplex_forest_end_2,
          infiniplex_forest_clump_C, infiniplex_forest_clump_small,
          infiniplex_forest_clump_tiny, infiniplex_forest_end_2,
          minmay_quantized
D:5:      mrwooster_statue_mirror, uniq_sigmund, uniq_edmund
Temple:   hc_temple_tempest_star

Skill      XL: |  1  2  3  4  5  6  7 |
---------------+----------------------+-----
Dodging        | 3 4 |  4.8
Unarmed Combat | 4 5 6 7 |  7.2
Fighting       | 3 4 5 |  5.3
Invocations    | 3 |  3.7
Throwing       | |  1.7

Action                   |  1- 3 |  4- 6 |  7- 9 || total
-------------------------+-------+-------+-------++-------
Melee: Unarmed           |    91 |   183 |    94 ||   368
       Punch             |     2 |     3 |     8 ||    13
  Eat: Chunk             |     2 |     8 |     7 ||    17
Armor: Leather armour    |    15 |    39 |    13 ||    67
Dodge: Dodged            |    61 |    96 |    40 ||   197

Table legend:
 A = Non-vault XP
 B = Vault XP
 C = Vault XP percentage of total XP
 D = Non-vault monster count
 E = Vault monster count
 F = Vault count percentage of total count
                 A         B        C        D         E       F
            +---------+---------+-------+---------+---------+-------
      Total |    1257 |     235 |  15.8 |      94 |       7 |   6.9
            +---------+---------+-------+---------+---------+-------
        D:1 |      38 |       0 |   0.0 |      21 |       0 |   0.0
        D:2 |      84 |       0 |   0.0 |      15 |       0 |   0.0
        D:3 |     182 |       8 |   4.2 |      25 |       4 |  13.8
        D:4 |     715 |      15 |   2.1 |      26 |       2 |   7.1
        D:5 |     238 |     212 |  47.1 |       7 |       1 |  12.5
            +---------+---------+-------+---------+---------+-------
